 Dungeon Crawl Stone Soup version 0.20-a0-739-g6bb112f (webtiles) character file.

134869 nubinia the Eclecticist (level 16, -1/92 HPs)
             Began as a Deep Elf Venom Mage on Feb 23, 2017.
             Was the Champion of Kikubaaqudgha.
             Slain by an alligator snapping turtle (45 damage)
             ... on level 2 of the Shoals on Feb 24, 2017.
             The game lasted 04:57:10 (37916 turns).

nubinia the Eclecticist (Deep Elf Venom Mage)      Turns: 37916, Time: 04:57:11

Health: -1/92      AC: 21    Str: 10    XL:     16   Next: 63%
Magic:  45/48      EV: 21    Int: 24    God:    Kikubaaqudgha [******]
Gold:   281        SH:  9    Dex: 18    Spells: 9/49 levels left

rFire    . . .     SeeInvis .   r - +5 short sword (protect)
rCold    + + .     Gourm    .   s - +2 robe {MR+}
rNeg     + . .     Faith    .   b - +0 buckler
rPois    .         Spirit   .   m - +2 hat
rElec    .         Reflect  +   B - +2 cloak {+Inv}
rCorr    .         Harm     .   G - +1 pair of gloves
MR       ++...     Clarity  +   a - +1 pair of boots {run}
Stlth    ++++++....             w - +3 amulet of reflection
Regen    0.3/turn               q - ring of positive energy
MPRegen  0.4/turn               K - ring of magical power

@: protection aura, drained, corpse armour, quick
A: repulsion field 1, clarity, cold resistance 2, deformed body, strong 2,
evolution 1
a: Receive Corpses, Torment, Renounce Religion, Evoke Invisibility


You were on level 2 of the Shoals.
You worshipped Kikubaaqudgha.
Kikubaaqudgha was exalted by your worship.
You were very hungry.

You visited 6 branches of the dungeon, and saw 27 of its levels.

You collected 2418 gold pieces.
You spent 2137 gold pieces at shops.

Inventory:

Hand Weapons
 f - a +8 quick blade of pain
 r - a +5 short sword of protection (weapon)
 x - a +0 blowgun
Missiles
 y - 49 poisoned needles
 X - 15 curare-tipped needles
Armour
 a - a +1 pair of boots of running (worn)
 b - a +0 buckler (worn)
 m - a +2 hat (worn)
 s - a +2 robe of magic resistance (worn)
 A - a +0 pair of boots of stealth
 B - a +2 cloak of invisibility (worn)
 G - a +1 pair of gloves (worn)
 H - a +2 robe of cold resistance
Jewellery
 q - a ring of positive energy (right hand)
 u - a +2 ring of evasion
 w - a +3 amulet of reflection (around neck)
 K - a ring of magical power (left hand)
 U - a +2 ring of dexterity
 Y - an uncursed ring of protection from magic
Wands
 n - a wand of acid (2/15)
 p - a wand of lightning (5/15)
 D - a wand of enslavement (19/24)
 L - a wand of digging (5/24)
 P - a wand of iceblast (3/15)
 Q - a wand of disintegration (2/24)
 S - a wand of enslavement (2/24)
 V - a wand of confusion (30/48)
Scrolls
 d - 6 scrolls of amnesia
 g - 10 scrolls of recharging
 h - 8 scrolls of teleportation
 i - 8 scrolls of magic mapping
 o - a scroll of fear
 t - a scroll of identify
 E - 5 scrolls of blinking
 J - 9 scrolls of remove curse
 T - 2 scrolls of summoning
Potions
 e - 2 potions of agility
 j - 4 potions of haste
 k - 7 potions of curing
 l - 2 potions of magic
 v - 2 potions of might
 F - 5 potions of brilliance
 I - 2 potions of ambrosia
 R - 4 potions of flight
 W - 2 potions of resistance
Comestibles
 c - 15 bread rations
 z - 9 meat rations
 Z - 13 fruits


   Skills:
 + Level 7.1(6.5) Fighting
 + Level 11.1(10.5) Short Blades
 + Level 11.0(10.4) Dodging
 + Level 13.7(13.1) Stealth
 + Level 17.0(16.3) Spellcasting
 + Level 6.9(6.4) Conjurations
 + Level 8.8(8.2) Hexes
 + Level 13.7(13.1) Necromancy
 + Level 7.8(7.3) Translocations
 + Level 10.1(9.5) Air Magic
 - Level 4.0(3.5) Poison Magic
 + Level 2.4(1.9) Evocations


You had 9 spell levels left.
You knew the following spells:

 Your Spells              Type           Power        Failure   Level  Hunger
a - Sting                 Conj/Pois      ####         1%          1    None
b - Poisonous Vapours     Pois/Air       ######       1%          2    None
c - Mephitic Cloud        Conj/Pois/Air  ######..     1%          3    None
d - Bolt of Draining      Conj/Necr      ######....   2%          5    #......
e - Magic Dart            Conj           ####         1%          1    None
f - Force Lance           Conj/Tloc      ######..     3%          4    None
g - Shroud of Golubria    Chrm/Tloc      #####.....   1%          2    None
i - Blink                 Tloc           N/A          1%          2    None
k - Cigotuvi's Embrace    Necr           ######....   1%          5    #......
m - Dazzling Spray        Conj/Hex       ######       1%          3    None
C - Control Undead        Necr           ######....   1%          4    None
D - Dispel Undead         Necr           ######..     1%          5    #......
R - Regeneration          Chrm/Necr      ######....   1%          3    None


Dungeon Overview and Level Annotations

Branches:
Dungeon (14/15)            Temple (1/1) D:7            Lair (6/6) D:11
 Shoals (2/4) Lair:4        Snake (0/4) Lair:4        Slime (0/5) Lair:6
    Orc (2/2) D:11            Elf (2/3) Orc:2        Vaults (0/5) D:13

Altars:
Ashenzari
Cheibriados
Dithmenos
Elyvilon
Fedhas
Gozag
Hepliaklqana
Kikubaaqudgha
Makhleb
Nemelex Xobeh
Okawaru
Qazlal
Ru
Sif Muna
Trog
Uskayaw
Vehumet
Wu Jian
Xom
Yredelemnul
Zin
The Shining One
Beogh
Lugonu

Shops:
D:5 *   D:8 !   D:11 *   Orc:2 ([*:([   Elf:1 [!   Elf:2 }=}   Shoals:1 =
Shoals:2 %

Annotations:
D:11 exclusion: ice statue
Lair:1 exclusion: 2 oklob plants
Lair:6 exclusion: oklob plant
Shoals:1 Donald
Elf:2 5 runed doors


Innate Abilities, Weirdness & Mutations

You are surrounded by a mild repulsion field. (EV +2)
You possess an exceptional clarity of mind.
Your flesh is very cold resistant. (rC++)
Armour fits poorly on your strangely shaped body.
Your muscles are very strong. (Str +4)
You evolve.


Message History

The plant appears unharmed.
You are engulfed in noxious fumes.
You choke on the stench!
You feel momentarily confused.
The alligator snapping turtle is engulfed in noxious fumes.
The alligator snapping turtle barely misses you.
The merfolk is engulfed in noxious fumes.
The merfolk appears confused.
You hit the alligator snapping turtle but do no damage.
The alligator snapping turtle is heavily wounded.
You are engulfed in noxious fumes.
You hit the alligator snapping turtle but do no damage.
The alligator snapping turtle is heavily wounded.
You are engulfed in noxious fumes.
The alligator snapping turtle is engulfed in noxious fumes.
The alligator snapping turtle bites you!!
You are too injured to fight recklessly!
You are too injured to fight recklessly!
The alligator snapping turtle is engulfed in noxious fumes.
The alligator snapping turtle bites you from afar!!!
You die...
Kikubaaqudgha rasps: "You have failed me!
Welcome... death!"

≈≈...≈≈≈≈≈≈≈≈......
.≈≈≈≈≈
≈≈.#..≈≈≈≈≈≈≈...........
≈≈≈...≈≈≈≈≈≈≈........[...
≈≈≈≈≈≈≈≈≈≈≈≈P....P.......
≈≈≈≈≈≈≈≈≈≈≈≈≈............
≈≈≈≈≈≈≈≈≈≈≈P##..........)
≈≈≈≈≈≈≈≈≈≈≈###..P........
≈≈≈≈≈≈≈≈≈≈≈..P...m.......
≈≈≈≈≈≈≈≈≈≈≈P....@........
≈≈≈≈≈≈≈≈≈≈≈≈PPP..§.......
≈≈≈≈≈≈≈≈≈≈≈≈PPP≈§t.P.....
≈≈≈≈≈≈≈≈≈≈PPPP§§P......
≈≈≈≈≈≈≈≈≈≈≈≈≈≈≈≈......
≈≈≈≈≈≈≈≈≈≈≈≈≈≈≈≈≈.....
≈≈≈≈≈≈≈≈≈≈≈≈≈≈≈PP....
≈≈≈≈≈≈≈≈≈≈≈≈≈≈≈≈...≈
≈≈≈≈≈≈≈≈≈≈≈≈≈≈≈


You could see an alligator snapping turtle and a merfolk (confused).

Vanquished Creatures
  Frances (D:14)
  An orc warlord (Orc:2)
  2 deep elf sorcerers
  Louise (D:14)
  The ghost of kal9871 the Stickfighter, a journeyman FoFi of Wu Jian (Lair:5)
  Azrael (D:14)
  A dire elephant (Lair:6)
  A merfolk javelineer (Shoals:1)
  An ettin (D:13)
  A merfolk impaler (Shoals:1)
  Snorg (D:10)
  A vault guard (D:13)
  9 hydras
  The ghost of Syneil the Grappler, a novice TrMo of Wu Jian (D:8)
  A merfolk aquamancer (Shoals:1)
  A catoblepas (Lair:4)
  5 two-headed ogres
  2 centaur warriors
  4 tengu warriors
  3 dancing weapons
  A slime creature (D:14)
  8 death yaks (Lair:6)
  Nergalle (D:11)
  9 deep elf knights
  4 orc high priests (Orc:2)
  Sonja (D:12)
  2 sea snakes (Shoals:1)
  An unseen horror (D:11)
  2 deep trolls
  4 deep elf archers
  3 wizards
  2 lindwurms (Lair:6)
  A necromancer (D:10)
  5 ugly things
  11 orc knights
  2 wolf spiders (Lair:6)
  7 orc sorcerers
  29 deep elf magi
  3 cyclopes
  4 manticores
  12 fauns
  A salamander (shapeshifter) (D:13)
  10 elephants (Lair:6)
  4 merfolk sirens
  4 black mambas
  3 water nymphs
  Maurice (D:8)
  A torpor snail (Lair:6)
  16 spiny frogs
  2 gargoyles
  2 rime drakes (Lair:6)
  5 komodo dragons
  2 kobold demonologists (D:11)
  7 merfolk
  A wind drake (Shoals:1)
  3 meliai (D:13)
  A polar bear (Lair:6)
  4 trolls
  Grinder (D:5)
  A tengu conjurer (D:13)
  3 hornets
  16 dream sheep
  10 hippogriffs
  5 snapping turtles
  A tarantella (shapeshifter) (D:13)
  A shadow (D:13)
  4 vampires
  7 water elementals
  2 air elementals (Elf:2)
  46 yaks
  3 wyverns
  8 fire elementals
  Eustachio (D:4)
  A hungry ghost (D:12)
  4 wraiths (Lair:6)
  2 basilisks
  Edmund (D:6)
  Menkaure (D:5)
  A warg (Orc:2)
  4 nagas (Lair:4)
  Duvessa (D:5)
  An acid dragon (D:11)
  16 water moccasins
  14 porcupines
  2 hell hounds (D:14)
  3 sky beasts
  6 black bears
  3 ice beasts
  34 orc warriors
  2 phantoms
  19 ogres
  A boggart (Elf:1)
  24 wolves
  8 crocodiles
  10 centaurs
  8 big kobolds
  2 gnoll sergeants (D:11)
  Blork the orc (D:4)
  28 bullfrogs
  3 earth elementals
  3 scorpions
  Dowan (D:5)
  5 killer bees (D:9)
  4 wights (D:7)
  4 howler monkeys
  5 electric eels (D:12)
  3 crimson imps
  A bullfrog zombie (D:6)
  4 centaur zombies
  4 hounds
  5 jellies
  3 centaur skeletons
  25 orc priests
  32 orc wizards
  5 iguanas
  Crazy Yiuf (D:3)
  4 bullfrog skeletons
  Ijyb (D:2)
  Terence (D:2)
  Natasha (thrice) (D:4)
  11 worker ants
  2 yak simulacra (D:10)
  5 polar bear simulacra (D:10)
  4 wolf simulacra (D:10)
  2 hound skeletons
  Robin (D:2)
  A howler monkey skeleton (D:5)
  6 gnolls
  15 adders
  A shadow imp (D:14)
  2 adder skeletons
  2 adder zombies (D:6)
  3 worms
  2 dart slugs (D:2)
  7 leopard geckos
  98 orcs
  2 giant cockroaches
  22 goblins
  9 hobgoblins
  24 jackals
  3 quokkas
  3 ball pythons
  9 bats
  15 frilled lizards
  19 kobolds
  A leopard gecko skeleton (D:6)
  A leopard gecko zombie (D:7)
  10 rats
  A fungus (Lair:6)
  A plant (Lair:6)
923 creatures vanquished.

Vanquished Creatures (collateral kills)
  Josephine (Lair:6)
  A death yak (Lair:6)
  A wraith (Lair:6)
  A yak (D:13)
  A crocodile (Lair:6)
  A bullfrog zombie (D:10)
  An orc wizard (D:8)
  A gnoll (D:11)
8 creatures vanquished.

Vanquished Creatures (others)
  53 fungi
  16 plants
69 creatures vanquished.

Grand Total: 1000 creatures vanquished

Notes
Turn   | Place    | Note
-------+----------+-------------------------------------------
     0 | D:1      | nubinia the Deep Elf Venom Mage began the quest for the Orb.
     0 | D:1      | Reached XP level 1. HP: 10/10 MP: 6/6
   267 | D:1      | Reached XP level 2. HP: 7/15 MP: 0/8
   970 | D:1      | Learned a level 2 spell: Poisonous Vapours
  1402 | D:1      | Reached XP level 3. HP: 9/19 MP: 7/10
  1576 | D:2      | Learned a level 3 spell: Mephitic Cloud
  1930 | D:2      | Reached skill level 4 in Spellcasting
  1974 | D:2      | Noticed Robin
  2213 | D:2      | Reached XP level 4. HP: 24/24 MP: 9/12
  2365 | D:2      | Killed Robin
  2506 | D:2      | Noticed Ijyb
  2530 | D:2      | Killed Ijyb
  2530 | D:2      | Reached XP level 5. HP: 28/28 MP: 10/14
  2790 | D:2      | Reached skill level 5 in Spellcasting
  2790 | D:2      | Reached skill level 1 in Air Magic
  2997 | D:2      | Noticed Terence
  3011 | D:2      | Killed Terence
  3532 | D:2      | Reached XP level 6. HP: 29/33 MP: 11/16
  4011 | D:3      | Reached skill level 1 in Short Blades
  4011 | D:3      | Reached skill level 6 in Spellcasting
  4206 | D:3      | Found a runed door.
  4210 | D:3      | Noticed Crazy Yiuf
  4218 | D:3      | Killed Crazy Yiuf
  4584 | D:4      | Reached skill level 1 in Fighting
  4698 | D:4      | Reached XP level 7. HP: 33/38 MP: 16/18
  4794 | D:4      | Noticed Natasha
  4797 | D:4      | Noticed Eustachio
  4798 | D:4      | Killed Natasha
  4816 | D:4      | Killed Eustachio
  5004 | D:4      | Noticed Blork the orc
  5058 | D:4      | Killed Blork the orc
  5107 | D:4      | Noticed a hornet
  5117 | D:4      | Killed a hornet
  5117 | D:4      | Reached skill level 7 in Spellcasting
  5191 | D:4      | Noticed Natasha
  5195 | D:4      | Killed Natasha
  5213 | D:4      | Reached XP level 8. HP: 39/43 MP: 7/21
  5611 | D:4      | Noticed Natasha
  5620 | D:4      | Killed Natasha
  5716 | D:5      | Entered Level 5 of the Dungeon
  5757 | D:5      | Found Ridejeit's Assorted Antiques.
  6276 | D:5      | Noticed Grinder
  6345 | D:5      | Noticed Duvessa
  6346 | D:5      | Noticed Dowan
  6359 | D:5      | Noticed Menkaure
  6361 | D:5      | Killed Dowan
  6361 | D:5      | Reached skill level 8 in Spellcasting
  6605 | D:5      | Killed Duvessa
  6871 | D:6      | Found a stormy altar of Qazlal.
  6879 | D:6      | Noticed Edmund
  6890 | D:6      | Killed Edmund
  7002 | D:6      | Reached skill level 5 in Stealth
  7234 | D:5      | Reached skill level 5 in Dodging
  7234 | D:5      | Reached skill level 5 in Air Magic
  7472 | D:6      | Reached XP level 9. HP: 48/48 MP: 23/23
  7579 | D:6      | Found a white marble altar of Elyvilon.
  8023 | D:7      | Found a staircase to the Ecumenical Temple.
  8037 | Temple   | Entered the Ecumenical Temple
  8120 | Temple   | Gained mutation: You evolve. [potion of mutation]
  8120 | Temple   | Gained mutation: Your muscles are strong. (Str +2) [potion of mutation]
  8120 | Temple   | Gained mutation: Armour fits poorly on your strangely shaped body. [potion of mutation]
  8120 | Temple   | Gained mutation: You possess an exceptional clarity of mind. [potion of mutation]
  8216 | D:7      | Reached skill level 5 in Short Blades
  8404 | D:8      | Gained mutation: Your flesh is cold resistant. (rC+) [evolution]
  8464 | D:8      | Found a hide-covered altar of Uskayaw.
  8465 | D:8      | Found a burning altar of Makhleb.
  8473 | D:8      | Found Vienenul's Distillery.
  8486 | D:8      | Noticed Maurice
  8488 | D:8      | Found a shimmering altar of Xom.
  8489 | D:8      | Found a glowing golden altar of the Shining One.
  8489 | D:8      | Found a basalt altar of Yredelemnul.
  8518 | D:7      | Reached skill level 9 in Spellcasting
  9582 | D:8      | Found a bloodstained altar of Trog.
  9672 | D:8      | Noticed Syneil's ghost (novice TrMo)
  9803 | D:8      | Killed Maurice
 10435 | D:8      | Reached XP level 10. HP: 39/55 MP: 25/25
 10793 | D:7      | Upgraded the game from 0.20-a0-738-gb057e68 to 0.20-a0-739-g6bb112f
 10949 | D:9      | Noticed a tengu warrior
 10949 | D:9      | Noticed a tengu warrior
 10965 | D:8      | Reached skill level 10 in Spellcasting
 11250 | D:9      | Found a snail-covered altar of Cheibriados.
 11546 | D:9      | Found a hazy altar of Hepliaklqana.
 11702 | D:9      | Noticed a two-headed ogre
 11719 | D:9      | Killed a two-headed ogre
 12006 | D:10     | Entered Level 10 of the Dungeon
 12140 | D:10     | Noticed a necromancer
 12180 | D:10     | Noticed a two-headed ogre
 12200 | D:10     | Killed a two-headed ogre
 12346 | D:10     | Noticed Snorg
 12502 | D:10     | Gained mutation: Your muscles are very strong. (Str +4) [evolution]
 12634 | D:11     | Found a staircase to the Orcish Mines.
 12639 | D:11     | Reached skill level 11 in Spellcasting
 12650 | D:11     | Noticed Nergalle
 12674 | D:11     | Killed Nergalle
 12765 | D:11     | Noticed a two-headed ogre
 12765 | D:11     | Reached XP level 11. HP: 59/60 MP: 16/28
 12783 | D:11     | Killed a two-headed ogre
 13739 | D:11     | Reached skill level 12 in Spellcasting
 13827 | D:11     | Found a staircase to the Lair.
 14009 | D:11     | Noticed a seven-headed hydra
 14062 | Lair:1   | Entered Level 1 of the Lair of Beasts
 14062 | Lair:1   | Noticed a six-headed hydra
 14072 | Lair:1   | Killed a six-headed hydra
 14593 | Lair:1   | Noticed an oklob plant
 14593 | Lair:1   | Noticed an oklob plant
 14663 | Lair:1   | Reached skill level 1 in Evocations
 14688 | Lair:1   | Gained mutation: Your flesh is very cold resistant. (rC++) [evolution]
 15614 | Lair:2   | Learned a level 1 spell: Confusing Touch
 15746 | Lair:2   | Reached skill level 1 in Hexes
 15783 | Lair:2   | Reached XP level 12. HP: 52/67 MP: 30/30
 16186 | Lair:2   | Noticed an eight-headed hydra
 16198 | Lair:2   | Killed an eight-headed hydra
 16198 | Lair:2   | Reached skill level 5 in Hexes
 16203 | Lair:2   | Learned a level 3 spell: Confuse
 16874 | Lair:1   | Identified 3 scrolls of acquirement
 16875 | Lair:1   | Got a heavily runed cloak
 16886 | Lair:1   | Identified the -2 cloak "Lib Tusi" {-Cast rPois rC+++ Str+3} (You acquired it on level 1 of the Lair of Beasts)
 16905 | Lair:1   | Got a transparent helmet
 16916 | Lair:1   | Identified the -3 helmet of the Eight Wars {MR+} (You acquired it on level 1 of the Lair of Beasts)
 17069 | Lair:1   | Noticed a six-headed hydra
 17088 | Lair:1   | Killed a six-headed hydra
 17088 | Lair:1   | Reached skill level 5 in Conjurations
 17740 | D:10     | Killed Snorg
 18016 | D:10     | Reached skill level 13 in Spellcasting
 18620 | D:5      | Bought a glowing quick blade for 450 gold pieces
 18621 | D:5      | Bought a scroll labeled CIZOUR XASERUESICK for 25 gold pieces
 18623 | D:5      | Bought a brass wand for 100 gold pieces
 18682 | D:5      | Killed Menkaure
 18745 | D:5      | Killed Grinder
 18889 | D:8      | Killed a tengu warrior
 18891 | D:8      | Killed a tengu warrior
 18916 | D:8      | Killed Syneil's ghost
 18916 | D:8      | Reached skill level 5 in Fighting
 19063 | D:8      | Found an ancient bone altar of Kikubaaqudgha.
 19063 | D:8      | Found a deep blue altar of Sif Muna.
 19111 | D:8      | Became a worshipper of Kikubaaqudgha
 19120 | D:8      | Found a radiant altar of Vehumet.
 19293 | Orc:1    | Entered Level 1 of the Orcish Mines
 19298 | Orc:1    | Found a roughly hewn altar of Beogh.
 19435 | Orc:1    | Reached * piety under Kikubaaqudgha
 19435 | Orc:1    | Identified Kikubaaqudgha's Tome of Dark Secrets (Kikubaaqudgha gifted it to you on level 1 of the Orcish Mines)
 19435 | Orc:1    | Received a gift from Kikubaaqudgha
 19448 | Orc:1    | Learned a level 1 spell: Pain
 19833 | Orc:2    | Entered Level 2 of the Orcish Mines
 19847 | Orc:2    | Reached skill level 1 in Necromancy
 19863 | Orc:2    | Found a staircase to the Elven Halls.
 19954 | Orc:2    | Noticed a two-headed ogre
 19971 | Orc:2    | Killed a two-headed ogre
 19971 | Orc:2    | Reached XP level 13. HP: 72/72 MP: 31/32
 20053 | Orc:2    | Reached skill level 5 in Necromancy
 20816 | Orc:2    | Found Wopy's Antique Armour Boutique.
 20816 | Orc:2    | Found Zestiequeh's Weapon Emporium.
 20854 | Orc:2    | Reached ** piety under Kikubaaqudgha
 20915 | Orc:1    | Learned a level 4 spell: Control Undead
 21589 | Orc:2    | Reached *** piety under Kikubaaqudgha
 21589 | Orc:2    | Identified Kikubaaqudgha's Catalogue of Dark Secrets (Kikubaaqudgha gifted it to you on level 2 of the Orcish Mines)
 21589 | Orc:2    | Received a gift from Kikubaaqudgha
 21622 | Orc:2    | Reached skill level 10 in Necromancy
 22277 | Orc:2    | Noticed an orc warlord
 22478 | Orc:2    | Found Usucs's Antique Armour Emporium.
 22479 | Orc:2    | Found Uden Ycs's Antique Weapon Emporium.
 22480 | Orc:2    | Found Cytoleir's General Store.
 22480 | Orc:2    | Found Qumoptipi's Book Shoppe.
 22496 | Orc:2    | Bought a pair of glowing boots for 277 gold pieces
 22506 | Orc:2    | Identified a +0 pair of boots of running (You bought it in a shop on level 2 of the Orcish Mines)
 22628 | Orc:2    | Learned a level 5 spell: Bolt of Draining
 22800 | Orc:1    | Reached **** piety under Kikubaaqudgha
 23349 | Lair:3   | Found a sacrificial altar of Ru.
 23486 | Lair:3   | Reached skill level 10 in Stealth
 23933 | Lair:4   | Learned a level 3 spell: Regeneration
 23939 | Lair:4   | Learned a level 5 spell: Dispel Undead
 23945 | Lair:4   | Learned a level 5 spell: Cigotuvi's Embrace
 23948 | Lair:4   | Found a staircase to the Snake Pit.
 24196 | Lair:4   | Learned a level 2 spell: Shroud of Golubria
 24484 | Lair:4   | Found a staircase to the Shoals.
 24674 | Lair:4   | Reached skill level 1 in Translocations
 24674 | Lair:4   | Reached XP level 14. HP: 78/78 MP: 22/33
 25393 | Lair:5   | Noticed kal9871's ghost (journeyman FoFi)
 25398 | Lair:5   | Killed kal9871's ghost
 25615 | Lair:5   | Gained mutation: You are surrounded by a mild repulsion field. (EV +2) [evolution]
 25692 | Lair:5   | Reached ***** piety under Kikubaaqudgha
 26210 | Lair:6   | Entered Level 6 of the Lair of Beasts
 26419 | Lair:6   | Reached skill level 14 in Spellcasting
 26701 | Lair:6   | Reached skill level 10 in Short Blades
 26779 | Lair:6   | Noticed Josephine
 26809 | Lair:6   | Killed Josephine
 27295 | Lair:6   | Learned a level 3 spell: Dazzling Spray
 27493 | Lair:6   | Found a staircase to the Slime Pits.
 28010 | Lair:6   | Reached skill level 5 in Translocations
 28500 | Lair:6   | Got a pair of polished gloves
 28511 | Lair:6   | Identified the -6 pair of gloves of a labyrinth {*Drain rC+ rN++ Dex+4} (You found it on level 6 of the Lair of Beasts)
 28878 | Lair:6   | Reached ****** piety under Kikubaaqudgha
 28879 | Lair:6   | Identified a +7 quick blade of pain (a +5 quick blade bloodied by Kikubaaqudgha)
 28879 | Lair:6   | Received a gift from Kikubaaqudgha
 29211 | D:11     | Reached XP level 15. HP: 62/84 MP: 35/35
 29401 | D:11     | Found an opulent altar of Gozag.
 29401 | D:11     | Found Gozag's Platinum Reserve.
 29462 | D:11     | Reached skill level 15 in Spellcasting
 29615 | D:12     | Noticed Sonja
 29624 | D:12     | Killed Sonja
 30072 | D:12     | Reached skill level 10 in Dodging
 30791 | D:13     | Identified the +5 hunting sling of Honesty {venom, Str+2} (You found it on level 13 of the Dungeon)
 31047 | D:13     | Found a gate to the Vaults.
 31064 | D:13     | Got a shimmering cloak
 31075 | D:13     | Identified the +1 cloak of the Pleiades {Int+5} (You acquired it on level 13 of the Dungeon)
 31646 | D:14     | Noticed Azrael
 31873 | D:14     | Noticed Louise
 31884 | D:14     | Killed Louise
 32209 | D:14     | Killed Azrael
 32248 | D:14     | Identified the ring of Coronation {Dex+3 Stlth-} (You found it on level 14 of the Dungeon)
 32300 | D:14     | Noticed Frances
 32313 | D:14     | Killed Frances
 33366 | Orc:2    | Killed an orc warlord
 33406 | Orc:2    | Bought the Reference Book on the Compass for 1050 gold pieces
 33411 | Orc:2    | Learned a level 4 spell: Force Lance
 33414 | Orc:2    | Learned a level 2 spell: Blink
 33464 | Elf:1    | Entered Level 1 of the Elven Halls
 33555 | Elf:1    | Found a deep blue altar of Sif Muna.
 33957 | Elf:1    | Learned a level 1 spell: Magic Dart
 34008 | Elf:1    | Found Asentaov's Antique Armour Shop.
 34011 | Elf:1    | Found Ylutei Full's Distillery.
 34142 | Elf:1    | Reached skill level 16 in Spellcasting
 34155 | Elf:1    | Reached XP level 16. HP: 85/90 MP: 38/38
 34828 | Elf:2    | Found Yheyjos's Gadget Shop.
 34828 | Elf:2    | Found Togaempa's Jewellery Shoppe.
 34829 | Elf:2    | Found Jeyn's Gadget Shop.
 35187 | Elf:2    | Found a huge runed gate.
 35187 | Elf:2    | Found a huge runed gate.
 35187 | Elf:2    | Found a huge runed gate.
 35187 | Elf:2    | Found a huge runed gate.
 35189 | Elf:2    | Found a huge runed gate.
 35619 | Shoals:1 | Entered Level 1 of the Shoals
 36456 | Shoals:1 | Found Ahinon's Jewellery Boutique.
 36475 | Shoals:1 | Bought a +3 amulet of reflection for 235 gold pieces
 36486 | Shoals:1 | Noticed Donald
 36717 | Shoals:1 | Reached skill level 10 in Air Magic
 37516 | Shoals:2 | Found Wour's Food Boutique.
 37842 | Shoals:2 | Reached skill level 17 in Spellcasting
 37916 | Shoals:2 | Slain by an alligator snapping turtle

Vault maps used:
D:1:      sevenhm_arrival_forest_fort_large_1, minmay_tetromino_i2
D:2:      first_bread, uniq_robin, uniq_terence, uniq_iyjb
D:3:      minmay_lizard_king, uniq_crazy_yiuf_cottage
D:4:      uniq_natasha, uniq_eustachio, uniq_blork_the_orc
D:5:      serial_shops, shop_fountains, minmay_curled_crystal,
          minmay_misc_feat_doors, uniq_menkaure, uniq_grinder, uniq_duvessa
D:6:      elyvilon_altar_5, lemuel_crystal_altar, serial_undead,
          serial_undead_b, serial_undead_e, serial_undead_b, serial_undead_a,
          uniq_edmund
D:7:      minmay_temple_entry_statues_fountains, grunt_decor_cap
D:8:      palyth_temple_overflow_mages, grunt_temple_overflow_open,
          serial_shops, kennysheep_mini_moat, serial_glass, glass_columns_a,
          glass_columns_a, uniq_maurice
D:9:      kennysheep_little_box, lemuel_doored_altar
D:10:     lemuel_flame_loot_2, grunt_ogre_cave, grunt_decor_fettered,
          eino_house_with_fridge, uniq_snorg
D:11:     due_lair_maze_entry_diamond, kennysheep_orc_monster_closet_entryway,
          minivault_16, nicolae_gozag_zags_fifth_avenue, uniq_nergalle
D:12:     kennysheep_flooded_box, kennysheep_doodads, uniq_sonja
D:13:     david_vaults_5, interstate_on_off, minmay_crystal_water, st_stairs_10,
          grunt_ministairs_6
D:14:     serial_column_ruins, column_ruins_open_small, column_ruins_grid_4,
          column_ruins_open_small, column_ruins_corridor_T,
          column_ruins_columns_dead_end, uniq_louise, uniq_frances, uniq_azrael
Temple:   kb_corrupted_temple
Lair:1:   grunt_forest_small_clearings, serial_bayou_shore_b,
          minmay_lair_oklob_chamber, serial_bayou_shore_b, grunt_megastairs_2
Lair:2:   statuecave_lemuel, cheibrodos_lair_reptile_den
Lair:3:   basic_altar, wad_woods_road_02, beast_lair_carwin_3,
          lemuel_fruit_fields
Lair:4:   shoals_dummy_entry, minmay_snake_entry_guardpost_small
Lair:5:   grunt_megastairs_3
Lair:6:   hangedman_lair_in_review, dpeg_slime_entry_corner,
          lemuel_fruit_fields, uniq_josephine
Shoals:1: serial_shops, shop, uniq_donald
Shoals:2: serial_shops, nicolae_shop_statue_plus, nicolae_shop_waterfront,
          abandoned_shop
Orc:1:    minmay_goldmine, basic_altar, guppyfry_library_mini
Orc:2:    st_orc_congregation, guppyfry_orc_lava_fort
Elf:1:    hangedman_staggered_hall, basic_altar, hangedman_elf_disciples,
          minmay_shoptagon
Elf:2:    spider_trap, minmay_shop_grove

Skill      XL: |  1  2  3  4  5  6  7  8  9 10 11 12 13 14 15 16 |
---------------+-------------------------------------------------+-----
Poison Magic   | 4 |  4.0
Spellcasting   | 4 5 6 7 8 9 11 12 13 14 16 17 | 17.0
Conjurations   | 2 3 4 5 6 |  6.9
Dodging        | 3 4 5 6 7 8 9 10 11 | 11.0
Air Magic      | 1 3 4 5 6 8 9 10 | 10.1
Short Blades   | 1 2 4 6 7 8 9 10 11 | 11.1
Stealth        | 3 5 6 8 9 10 11 12 13 | 13.7
Fighting       | 1 2 3 4 5 6 7 |  7.1
Evocations     | 1 2 |  2.4
Hexes          | 2 8 |  8.8
Necromancy     | 2 12 13 | 13.7
Translocations | 1 5 7 |  7.8

Action                   |  1- 3 |  4- 6 |  7- 9 | 10-12 | 13-15 | 16-18 || total
-------------------------+-------+-------+-------+-------+-------+-------++-------
Melee: Unarmed           |    12 |       |       |       |       |       ||    12
       Short sword       |    16 |    87 |   383 |   898 |  1304 |   468 ||  3156
       Dagger            |     8 |    71 |       |       |       |       ||    79
       Whip              |     6 |       |       |       |       |       ||     6
       Quick blade       |       |       |       |       |   552 |    73 ||   625
 Fire: Blowgun           |       |       |       |       |     4 |       ||     4
 Cast: Sting             |    77 |    14 |     4 |     3 |       |       ||    98
       Poisonous Vapours |     7 |    74 |    92 |   179 |   168 |    68 ||   588
       Mephitic Cloud    |       |     5 |    33 |    69 |   135 |    23 ||   265
       Confuse           |       |       |       |    11 |     8 |       ||    19
       Pain              |       |       |       |     2 |       |       ||     2
       Bolt of Draining  |       |       |       |       |    47 |    16 ||    63
       Cigotuvi's Embrac |       |       |       |       |    70 |    18 ||    88
       Regeneration      |       |       |       |       |    13 |     1 ||    14
       Dispel Undead     |       |       |       |       |    10 |       ||    10
       Control Undead    |       |       |       |       |     5 |       ||     5
       Dazzling Spray    |       |       |       |       |     1 |       ||     1
       Force Lance       |       |       |       |       |     5 |    15 ||    20
       Shroud of Golubri |       |       |       |       |       |     3 ||     3
Invok: Brand Weapon With |       |       |       |       |     1 |       ||     1
Evoke: Wand              |       |       |       |    16 |    20 |     3 ||    39
  Use: Scroll            |    10 |     2 |     9 |    16 |    16 |     4 ||    57
       Potion            |     1 |       |     3 |     5 |     4 |     2 ||    15
 Stab: Confused          |       |     4 |    12 |    61 |   122 |    26 ||   225
       Distracted        |       |     1 |       |     2 |     8 |     3 ||    14
       Sleeping          |       |     1 |     5 |     6 |    27 |     5 ||    44
  Eat: Chunk             |     4 |     8 |    14 |    29 |    27 |     4 ||    86
       Fruit             |       |       |     4 |       |     6 |       ||    10
       Royal jelly       |       |       |       |     1 |     1 |     1 ||     3
       Meat ration       |       |       |       |       |     4 |     1 ||     5
Armor: Robe              |    11 |    35 |    93 |   135 |   196 |    59 ||   529
       Skin              |       |       |       |    21 |       |       ||    21
       Leather armour    |       |       |       |    89 |     9 |       ||    98
Dodge: Dodged            |    58 |   117 |   188 |   490 |   724 |   230 ||  1807
Block: Other             |       |       |       |       |     1 |       ||     1
       Buckler           |       |       |       |       |   158 |    67 ||   225
       Reflection        |       |       |       |       |       |     4 ||     4
